 Dungeon Crawl Stone Soup version 0.27-a0-54-g64bdb92e38 (webtiles) character file.

Game seed: 9679692373054094590

2060 kae the Insei (level 9, -3/61 HPs)
             Began as an Octopode Transmuter on Jan 7, 2021.
             Slain by a phantom (8 damage)
             ... on level 7 of the Dungeon.
             The game lasted 00:06:00 (8807 turns).

kae the Insei (Octopode Transmuter)                 Turns: 8807, Time: 00:06:01

Health: -3/61      AC:  1    Str: 12    XL:     9   Next: 25%
Magic:  9/13       EV: 16    Int: 15    God:
Gold:   297        SH:  0    Dex: 13    Spells: 10/14 levels left

rFire    + . .     SeeInvis .     - Unarmed
rCold    x . .     Faith    .   (no shield)
rNeg     . . .     Spirit   .   (helmet restricted)
rPois    .         Reflect  .   (no amulet)
rElec    .         Harm     .   f - ring of fire
rCorr    +         Rampage  .   b - ring of resist corrosion
Will     .....                  (no ring)
Stlth    ++........             (no ring)
HPRegen  0.20/turn              (no ring)
MPRegen  0.13/turn              (no ring)
                                (no ring)
                                (no ring)

@: no status effects
A: almost no armour, stealthy swim, amphibious, 8 rings, constrict 8, camouflage
1, gelatinous body 1
a: no special abilities


You were on level 7 of the Dungeon.
You visited 1 branch of the dungeon, and saw 7 of its levels.
You also visited: Sewer.

You collected 297 gold pieces.

Inventory:

Jewellery
 b - a ring of resist corrosion (right tentacle)
 f - a ring of fire (left tentacle)
 s - an uncursed ring of poison resistance {unknown}
Wands
 h - a wand of enslavement (7)
 o - a wand of paralysis (7)
Scrolls
 i - 5 scrolls of remove curse
 j - 4 scrolls of teleportation
 r - 2 scrolls of enchant weapon
Potions
 a - 4 potions of curing
 c - 3 potions of haste
 d - 2 potions of cancellation
 e - 2 potions of resistance
 g - 3 potions of might
 k - 3 potions of brilliance
 l - 2 potions of ambrosia
 m - 2 potions of invisibility
 n - 3 potions of flight
 p - 3 potions of lignification
 u - a potion of berserk rage


   Skills:
 + Level 5.1 Fighting
 + Level 5.5 Dodging
 * Level 7.9 Unarmed Combat
 - Level 3.2 Spellcasting
 + Level 5.4 Transmutations


You had 10 spell levels left.
You knew the following spells:

 Your Spells              Type           Power        Failure   Level
a - Beastly Appendage     Tmut           36%          2%          1
b - Spider Form           Tmut/Pois      5%           19%         3

Your spell library contained the following spells:

 Spells                   Type           Power        Failure   Level
 Wereblood                Tmut           18%          3%          2
 Animate Skeleton         Necr           4%           21%         1
 Magic Dart               Conj           8%           21%         1
 Pain                     Necr           8%           21%         1
 Shock                    Conj/Air       8%           21%         1
 Blink                    Tloc           N/A          30%         2
 Call Imp                 Summ           2%           30%         2
 Slow                     Hex            2%           30%         2
 Swiftness                Air            2%           30%         2
 Conjure Flame            Conj/Fire      3%           52%         3
 Mephitic Cloud           Conj/Pois/Air  2%           52%         3
 Static Discharge         Conj/Air       2%           52%         3
 Vampiric Draining        Necr           1%           52%         3
 Blade Hands              Tmut           9%           52%         5
 Ice Form                 Ice/Tmut       10%          54%         4
 Airstrike                Air            1%           89%         4
 Animate Dead             Necr           1%           89%         4
 Agony                    Necr           2%           99%         5
 Lightning Bolt           Conj/Air       1%           99%         5


Dungeon Overview and Level Annotations

Branches:
Dungeon (7/15)             Temple (0/1) D:6           Sewer (visited)

Altars:
Makhleb
Ru
Xom
Yredelemnul

Shops:
D:5 *

Annotations:
D:6 Menkaure


Innate Abilities, Weirdness & Mutations

You cannot wear most types of armour.
You are very stealthy in the water. (Stealth+)
You are amphibious.
You can wear up to eight rings at the same time.
You can use your tentacles to constrict eight enemies at once.
Your skin changes colour to match your surroundings (Stealth+).
Your rubbery body absorbs attacks. (AC +1, EV +1)


Message History

You kill the bullfrog!
You see here a bullfrog corpse.
Your transformation is almost over.
A phantom comes into view.
Found a jewelled iron wand and 3 gold pieces.
The phantom hits you.
* * * LOW HITPOINT WARNING * * *
The phantom blinks!
You see here a wand of polymorph (4).
You hit the phantom.
The phantom is lightly damaged.
Your transformation has ended.
The phantom hits you!
* * * LOW HITPOINT WARNING * * *
You tentacle-slap the phantom but do no damage.
The phantom is lightly damaged.
You tentacle-slap the phantom.
The phantom is lightly damaged.
The phantom hits you!
You die...

#### #.. ...# #.# #.$#
### #.# #..###### ...
..# #W....... ###.##.#
#@####### ......#
#........
###.##.#######..######
#..............##
#....†...#######
#.....#### #.....##
###....# #....#


You could see a phantom.

Vanquished Creatures
  Prince Ribbit (D:7)
  3 sky beasts
  A phantom (D:6)
  An ice beast (D:7)
  4 ogres
  A big kobold (Sewer)
  A bullfrog (D:7)
  A howler monkey (D:5)
  A jelly (D:5)
  6 orc priests
  Crazy Yiuf (D:2)
  A gnoll shaman (D:5)
  6 orc wizards
  2 iguanas
  5 worker ants
  Robin (D:2)
  A worker ant zombie (D:6)
  4 gnolls (D:5)
  3 river rats
  7 adders
  A howler monkey skeleton (D:4)
  A shadow imp (D:6)
  A white imp (D:6)
  An adder skeleton (D:5)
  3 worms
  A dart slug (D:1)
  6 leopard geckos
  16 orcs
  A bat (D:1)
  8 giant cockroaches
  13 goblins
  11 hobgoblins
  14 jackals
  A quokka (D:2)
  4 ball pythons
  9 frilled lizards (D:3)
  8 kobolds
  8 rats
158 creatures vanquished.

Vanquished Creatures (others)
  A bullfrog zombie (D:6)
  An orc priest (D:6)
  4 orcs (D:6)
  3 plants (D:3)
9 creatures vanquished.

Grand Total: 167 creatures vanquished

Notes
Turn   | Place    | Note
-------+----------+-------------------------------------------
     0 | D:1      | kae the Octopode Transmuter began the quest for the Orb.
     0 | D:1      | Reached XP level 1. HP: 13/13 MP: 3/3
   412 | D:1      | Reached XP level 2. HP: 18/18 MP: 3/5
  1158 | D:1      | Reached XP level 3. HP: 23/23 MP: 4/6
  1385 | D:2      | Found a runed translucent door.
  1386 | D:2      | Noticed Crazy Yiuf
  1430 | D:2      | Learned a level 3 spell: Spider Form
  2397 | D:2      | Killed Crazy Yiuf
  2398 | D:2      | Reached XP level 4. HP: 23/29 MP: 1/7
  2479 | D:3      | Noticed Robin
  2838 | D:2      | Killed Robin
  2908 | D:3      | Reached skill level 4 in Unarmed Combat
  3132 | D:3      | Reached XP level 5. HP: 23/31 MP: 6/8
  3982 | D:4      | Reached XP level 6. HP: 20/40 MP: 7/10
  5073 | D:4      | Reached skill level 5 in Unarmed Combat
  5073 | D:4      | Reached XP level 7. HP: 45/45 MP: 4/11
  5149 | D:4      | Found a sacrificial altar of Ru.
  5429 | D:5      | Entered Level 5 of the Dungeon
  5953 | D:5      | Reached skill level 6 in Unarmed Combat
  5968 | D:5      | Reached XP level 8. HP: 29/54 MP: 4/12
  6561 | D:5      | Found Heuts's General Store.
  7601 | D:6      | Found a glowing drain.
  7605 | Sewer    | Entered a sewer
  7784 | Sewer    | Found a white marble altar of Elyvilon.
  7900 | D:6      | Reached skill level 7 in Unarmed Combat
  8213 | D:6      | Reached skill level 5 in Dodging
  8234 | D:6      | Noticed Menkaure
  8292 | D:6      | Found a burning altar of Makhleb.
  8293 | D:6      | Found a basalt altar of Yredelemnul.
  8297 | D:6      | Found a shimmering altar of Xom.
  8444 | D:7      | Reached skill level 5 in Transmutations
  8461 | D:7      | Reached XP level 9. HP: 25/60 MP: 5/13
  8748 | D:7      | Noticed Prince Ribbit
  8767 | D:7      | Killed Prince Ribbit
  8768 | D:7      | Reached skill level 5 in Fighting
  8807 | D:7      | Slain by a phantom

Illustrated notes

Levels and vault maps discovered:
D:1:      psy_arrival_basics, layout_loops_ring
D:2:      layout_loops_cross, uniq_crazy_yiuf_cottage
D:3:      layout_loops_cross, minmay_lizard_king, uniq_robin
D:4:      layout_basic, nicolae_ru_great_annihilating_truth
D:5:      layout_basic, serial_shops, kennysheep_mini
D:6:      layout_rooms, minitemple, lemuel_temple_firewalk_b,
          gup_sewer_entry_spiral, uniq_menkaure
D:7:      layout_basic, okawaru_humans, enter_bailey_4, uniq_prince_ribbit1

Skill      XL: |  1  2  3  4  5  6  7  8  9 |
---------------+----------------------------+-----
Fighting       | 2 3 4 5 |  5.1
Unarmed Combat | 4 5 6 7 |  7.9
Dodging        | 3 4 5 |  5.5
Transmutations | 3 4 5 |  5.4
Spellcasting   | 3 |  3.2

Action                   |  1- 3 |  4- 6 |  7- 9 || total
-------------------------+-------+-------+-------++-------
Melee: Unarmed           |    72 |   141 |   236 ||   449
       Constrict         |    22 |    16 |    18 ||    56
       Kick              |    16 |     8 |    11 ||    35
       Tentacles         |    12 |     8 |    14 ||    34
       Punch             |     1 |       |     4 ||     5
 Cast: Beastly Appendage |    18 |    13 |    13 ||    44
       Spider Form       |       |    10 |    24 ||    34
  Use: Potion            |     1 |     1 |     2 ||     4
       Scroll            |       |    13 |     6 ||    19
 Stab: Sleeping          |     2 |     2 |     5 ||     9
       Invisible         |     1 |       |       ||     1
       Paralysed         |       |       |     1 ||     1
Armor: Skin              |     5 |     8 |     5 ||    18
Dodge: Dodged            |    47 |   142 |   210 ||   399

Table legend: (Time is in decaauts)
 A = Elapsed time spent in this place.
 B = Non-inter-level travel time spent in this place.
 C = Inter-level travel time spent in this place.
 D = Time resting spent in this place.
 E = Time spent auto-exploring this place.
 F = Levels seen in this place.
 G = Mean time per level.
                   A        B        C        D        E       F      G
               +--------+--------+--------+--------+--------+-----+--------+
         Total |   8779 |   8608 |    171 |    301 |   7043 |   8 | 1097.4 |
       Dungeon |   8566 |   8395 |    171 |    257 |   6932 |   7 | 1223.7 |
         Sewer |    213 |    213 |      0 |     44 |    111 |   1 |  213.0 |
               +--------+--------+--------+--------+--------+-----+--------+

Top non-repeatable levels by time:
     D:5: 1849 daAuts
     D:2: 1576 daAuts
     D:4: 1554 daAuts
     D:1: 1274 daAuts
     D:3: 1009 daAuts
     D:6: 868 daAuts
     D:7: 434 daAuts
   Sewer: 213 daAuts
